 Dungeon Crawl Stone Soup version 0.28-a0-1087-gf3fc490d9d (webtiles) character file.

Game seed: 8760944847709060381

3545 siradein the Skirmisher (level 9, -1/81 HPs)
             Began as a White Draconian Fighter on Dec 10, 2021.
             Was an Initiate of Yredelemnul.
             Slain by a hornet (10 damage)
             ... on level 8 of the Dungeon.
             The game lasted 00:25:46 (9403 turns).

siradein the Skirmisher (White Draconian Fighter)   Turns: 9403, Time: 00:25:47

Health: -1/81      AC: 13    Str: 20    XL:     9   Next: 83%
Magic:  12/12      EV: 14    Int: 16    God:    Yredelemnul [......]
Gold:   291        SH:  5    Dex: 12    Spells: 8/8 levels left

rFire   . . .      SeeInvis .   a - +0 long sword
rCold   + . .      Faith    +   b - +0 buckler
rNeg    . . .      Spirit   .   (armour unavailable)
rPois   .          Reflect  .   (helmet restricted)
rElec   .          Harm     .   (no cloak)
rCorr   .          Rampage  .   l - +0 pair of gloves
Will    .....                   q - +0 pair of boots
Stlth   +.........              y - amulet of faith
HPRegen 0.23/turn               r - +6 ring of intelligence
MPRegen 0.13/turn               D - +4 ring of protection

@: lethally poisoned (-1 -> -4), slowed, very slow
A: breathe frost, AC +7, unfitting armour, cold resistance 1, cold-blooded
a: Breathe Frost, Renounce Religion, Recall Undead Harvest


You were on level 8 of the Dungeon.
You worshipped Yredelemnul.
Yredelemnul was noncommittal.
You visited 2 branches of the dungeon, and saw 10 of its levels.

You collected 291 gold pieces.

Inventory:

Hand Weapons
 a - a +0 long sword (weapon)
Missiles
 c - 3 curare-tipped darts
 o - a throwing net
 s - 53 poisoned darts (quivered)
Armour
 b - a +0 buckler (worn)
 l - a +0 pair of gloves (worn)
 q - a +0 pair of boots (worn)
Jewellery
 r - a +6 ring of intelligence (left hand)
 y - an amulet of faith (around neck)
 D - a +4 ring of protection (right hand)
Wands
 m - a wand of digging (8)
 t - a wand of flame (15)
Scrolls
 e - a scroll of fear {unknown}
 g - 2 scrolls of identify {unknown}
 h - a scroll of amnesia {unknown}
 i - a scroll of magic mapping {unknown}
 j - 2 scrolls of fog {unknown}
 w - 2 scrolls of enchant weapon {unknown}
 x - 3 scrolls of immolation {unknown}
 C - a scroll of blinking {unknown}
 E - a scroll of acquirement {unknown}
Potions
 d - a potion of heal wounds
 f - 2 potions of haste {unknown}
 k - a potion of brilliance {unknown}
 n - 4 potions of curing {unknown}
 p - a potion of flight {unknown}
 u - a potion of attraction {unknown}
 v - a potion of ambrosia {unknown}
 z - 3 potions of cancellation {unknown}
 A - a potion of magic {unknown}
 B - a potion of mutation {unknown}


   Skills:
 + Level 7.9 Fighting
 + Level 6.6 Long Blades
 + Level 6.5 Dodging
 + Level 7.0 Shields
 + Level 4.2 Invocations
 + Level 3.8 Evocations


You had 8 spell levels left.
You didn't know any spells.
Your spell library contained the following spells:

 Spells                   Type           Power      Damage    Failure   Level
 Ozocubu's Armour         Ice            0%         N/A       58%         3
 Summon Guardian Golem    Hex/Summ       0%         N/A       58%         3
 Metabolic Englaciation   Hex/Ice        0%         N/A       100%        5
 Simulacrum               Ice/Necr       0%         N/A       100%        6
 Orb of Destruction       Conj           0%         N/A       100%        7
 Spellforged Servitor     Conj/Summ      0%         N/A       100%        7


Dungeon Overview and Level Annotations

Branches:
Dungeon (9/15)             Temple (1/1) D:4
   Lair: D:8-11         Orc: D:9-12

Altars:
Ashenzari
Cheibriados
Dithmenos
Hepliaklqana
Kikubaaqudgha
Nemelex Xobeh
Okawaru
Trog
Uskayaw
Wu Jian
Yredelemnul
Zin

Shops:
D:2 *

Annotations:
D:2 1 runed translucent door, Crazy Yiuf
D:7 Harold


Innate Abilities, Weirdness & Mutations

You can breathe waves of freezing cold which knock back foes.
Your icy white scales are hard. (AC +7)
You cannot fit into any form of body armour.
Your flesh is cold resistant. (rC+)
You are cold-blooded and may be slowed by cold attacks.


Message History

You throw a poisoned dart.
The poisoned dart barely misses the hornet.
The hornet stings you!
You feel yourself slow down.
Throw: 57 darts (poison)
Press: ? - help, Q - select action, (/) - cycle Shift-Dir - straight line, f/p - hornet
Aim: a hornet (heavily wounded, 46% to hit)
You throw a poisoned dart.
The poisoned dart closely misses the hornet.
You feel yourself speed up.
The hornet stings you but does no damage.
The hornet misses you. The hornet stings you!
You feel yourself slow down.
Throw: 56 darts (poison)
Press: ? - help, Q - select action, (/) - cycle Shift-Dir - straight line, f/p - hornet
Aim: a hornet (heavily wounded, 46% to hit)
You throw a poisoned dart.
The poisoned dart closely misses the hornet.
The hornet stings you but does no damage.
The hornet stings you!
* * * LOW HITPOINT WARNING * * *
You are poisoned.
You feel as though you will be slow longer.
Throw: 55 darts (poison)
Press: ? - help, Q - select action, (/) - cycle Shift-Dir - straight line, f/p - hornet
Aim: a hornet (heavily wounded, 46% to hit)
You throw a poisoned dart. The poisoned dart misses the hornet.
You feel very sick. The hornet stings you.
* * * LOW HITPOINT WARNING * * *
You feel as though you will be slow longer.
You block the hornet's attack.
Throw: 54 darts (poison)
Press: ? - help, Q - select action, (/) - cycle Shift-Dir - straight line, f/p - hornet
Aim: a hornet (heavily wounded, 46% to hit)
You throw a poisoned dart. The poisoned dart hits the hornet.
The hornet is poisoned.
The hornet is heavily wounded.
You have got your breath back.
You feel sick. The hornet stings you!
You die...
Your body rises from the dead as a mindless zombie.

.. #. # #.. ..
#... .... ##..####
.....
##......#####.....
#.................
..##....@.......
... ###.y........
...# #(.........
#...# #..........
#...# #..........
#...###........##
#............##
#..........###
##..>.....##


You could see a hornet (poisoned).

Vanquished Creatures
  A cyclops (D:6)
  The ghost of croobank the Covert, a novice OpDe of Ashenzari (D:6)
  2 orc warriors
  2 ice beasts
  2 sky beasts
  A necrophage (D:8)
  4 ogres
  A centaur (D:5)
  3 phantoms
  Blork the orc (D:5)
  2 kobold brigands
  A bullfrog (D:6)
  2 scorpions
  A wight (D:7)
  A howler monkey (D:6)
  A bullfrog zombie (D:6)
  A hound (D:6)
  3 orc priests
  4 jellies
  A bullfrog skeleton (D:4)
  An iguana (D:5)
  4 orc wizards (D:4)
  Natasha (twice) (D:4)
  A hound skeleton (D:5)
  A howler monkey zombie (D:6)
  9 gnolls
  5 adders
  A white imp (D:6)
  An ufetubus (D:5)
  4 worms
  6 dart slugs
  13 orcs
  4 bats
  4 endoplasms
  2 giant cockroaches (D:1)
  9 goblins
  5 hobgoblins
  3 jackals (D:2)
  2 quokkas
  4 ball pythons
  2 frilled lizards
  15 kobolds
  7 rats
140 creatures vanquished.

Vanquished Creatures (collateral kills)
  An ogre (D:5)
  A water moccasin zombie (D:5)
  An orc priest (D:5)
  2 hounds
  Natasha (D:4)
  A centaur skeleton (D:5)
  An orc wizard (D:4)
  3 orcs (D:5)
  A goblin (D:4)
  A kobold (D:6)
13 creatures vanquished.

Vanquished Creatures (others)
  A spectral ice beast (D:6)
  A centaur zombie (D:5)
  A scorpion zombie (D:5)
  A necrophage zombie (D:8)
  A sky beast zombie (D:7)
  A hound zombie (D:5)
  2 felid zombies (D:4)
  5 gnoll zombies
  A kobold zombie (D:6)
  6 orc zombies
  A spectral endoplasm (D:4)
  4 plants
25 creatures vanquished.

Grand Total: 178 creatures vanquished

Notes
Turn   | Place    | Note
-------+----------+-------------------------------------------
     0 | D:1      | siradein the Draconian Fighter began the quest for the Orb.
     0 | D:1      | Reached XP level 1. HP: 19/19 MP: 1/1
    30 | D:1      | Reached XP level 2. HP: 6/26 MP: 2/2
   686 | D:1      | Reached XP level 3. HP: 29/31 MP: 3/3
  1168 | D:2      | Found a faded altar of an unknown god.
  1198 | D:2      | Found Xeworuy's General Store.
  1748 | D:2      | Reached XP level 4. HP: 34/40 MP: 4/4
  2018 | D:2      | Found a runed translucent door.
  2019 | D:2      | Noticed Crazy Yiuf
  2373 | D:3      | Found a broken altar of Ashenzari.
  2684 | D:4      | Noticed an ogre
  2776 | D:4      | HP: 2/40 [acid (9)]
  2778 | D:4      | Reached XP level 5. HP: 3/46 MP: 5/5
  3068 | D:4      | Killed an ogre
  3597 | D:4      | Reached XP level 6. HP: 40/53 MP: 6/6
  3813 | D:4      | Found a staircase to the Ecumenical Temple.
  3861 | Temple   | Entered the Ecumenical Temple
  3894 | Temple   | Became a worshipper of Yredelemnul the Dark
  4165 | D:4      | Noticed Natasha
  4174 | D:4      | Killed Natasha
  4175 | D:4      | Reached skill level 5 in Fighting
  4189 | D:4      | Noticed Natasha
  4198 | D:4      | Killed Natasha
  4198 | D:4      | Reached * piety under Yredelemnul
  4331 | D:4      | Noticed Natasha
  4356 | D:4      | Killed Natasha
  4366 | D:4      | HP: 2/56 [something/puff of flame (5)]
  4373 | D:4      | Your scales start taking on an icy white colour.
  4373 | D:4      | Reached XP level 7. HP: 23/61 MP: 7/7
  4373 | D:4      | Gained mutation: Your flesh is cold resistant. (rC+) [White
                  | Draconian growth]
  4780 | D:4      | Your ally Natasha died
  4788 | D:4      | Your ally Natasha died
  4973 | D:3      | Reached skill level 5 in Shields
  5596 | D:5      | Entered Level 5 of the Dungeon
  5640 | D:5      | Noticed a hornet
  5856 | D:5      | Reached skill level 5 in Long Blades
  5856 | D:5      | Reached skill level 5 in Dodging
  5856 | D:5      | Reached XP level 8. HP: 63/70 MP: 8/8
  6158 | D:5      | Reached ** piety under Yredelemnul
  6171 | D:5      | Reached skill level 1 in Invocations
  6247 | D:5      | Reached skill level 1 in Evocations
  6724 | D:5      | Noticed Blork the orc
  6738 | D:5      | Killed Blork the orc
  7375 | D:6      | Reached XP level 9. HP: 65/79 MP: 10/10
  7456 | D:6      | Noticed a cyclops
  7471 | D:6      | Killed a cyclops
  7974 | D:6      | Found a large runed translucent door.
  7974 | D:6      | Found a large runed translucent door.
  7983 | D:6      | Noticed croobank's ghost (novice OpDe)
  8392 | D:6      | Killed croobank's ghost
  8476 | D:7      | Noticed Harold
  8873 | D:7      | You fall into a shaft and drop 2 floors!
  9403 | D:8      | Slain by a hornet

Illustrated notes

Levels and vault maps discovered:
D:1:      roderic_crop_circles_arrival_small, layout_loops_ring
D:2:      layout_basic, chequers_ecumenical_altar_simple_redux, serial_shops,
          nicolae_shop_hallway_plus, uniq_crazy_yiuf_cottage
D:3:      layout_loops_ring, mainiacjoe_overflow_24_doors, serial_glass,
          glass_columns_c, glass_columns_a, glass_columns_c, glass_columns_c,
          glass_columns_a, glass_columns_a, glass_columns_a, glass_columns_b
D:4:      layout_gridville, minmay_temple_entry_water_ring, wad_woods_river_04,
          minmay_a_box_with_orc_wizards_in_it, uniq_natasha
D:5:      layout_cave_pods, uniq_blork_the_orc
D:6:      layout_loops_ring, ebering_ghost_disaster_area
D:7:      layout_rooms, nicolae_vehumet_altar_sigil, uniq_harold
D:8:      layout_layer_cave, minmay_orc_keep, uniq_psyche, uniq_pikel
D:9:      layout_long_grid, minmay_overflow_temple_star_hex,
          kennysheep_mini_moat, fedhas_ov_isle_minmay, kennysheep_pointless_box,
          feat_on_display
Temple:   minmay_temple_bridge_abc

Skill      XL: |  1  2  3  4  5  6  7  8  9 |
---------------+----------------------------+-----
Dodging        | 3 4 5 6 |  6.5
Fighting       | 4 5 6 7 |  7.9
Long Blades    | 3 4 5 6 |  6.6
Shields        | 4 5 6 7 |  7.0
Invocations    | 2 4 |  4.2
Evocations     | 2 3 |  3.8

Action                   |  1- 3 |  4- 6 |  7- 9 || total
-------------------------+-------+-------+-------++-------
Melee: Long sword        |   114 |   136 |   337 ||   587
       Tailslap          |    15 |    20 |    49 ||    84
Throw: Dart              |       |     1 |    13 ||    14
Invok: Dark Bargain      |       |       |     1 ||     1
       Recall Undead Har |       |       |     2 ||     2
 Abil: Breathe Frost     |       |       |    20 ||    20
  Use: Scroll            |       |     1 |       ||     1
       Potion            |       |     2 |       ||     2
 Stab: Sleeping          |       |       |     2 ||     2
       Distracted        |       |       |     2 ||     2
Armor: Skin              |    45 |    41 |   113 ||   199
Dodge: Dodged            |    76 |    54 |   204 ||   334
Block: Buckler           |    38 |    18 |    91 ||   147

Table legend: (Time is in decaauts)
 A = Elapsed time spent in this place.
 B = Non-inter-level travel time spent in this place.
 C = Inter-level travel time spent in this place.
 D = Time resting spent in this place.
 E = Time spent auto-exploring this place.
 F = Levels seen in this place.
 G = Mean time per level.
                   A        B        C        D        E       F      G
               +--------+--------+--------+--------+--------+-----+--------+
         Total |   9536 |   9318 |    218 |   1283 |   6181 |  10 |  953.6 |
       Dungeon |   9478 |   9260 |    218 |   1283 |   6162 |   9 | 1053.1 |
        Temple |     57 |     57 |      0 |      0 |     19 |   1 |   57.0 |
               +--------+--------+--------+--------+--------+-----+--------+

Top non-repeatable levels by time:
     D:4: 2413 daAuts
     D:6: 1629 daAuts
     D:5: 1593 daAuts
     D:1: 1189 daAuts
     D:3: 1148 daAuts
     D:2: 883 daAuts
     D:9: 494 daAuts
     D:7: 85 daAuts
  Temple: 57 daAuts
     D:8: 41 daAuts
